TOP OF THE 1ST |
Alabama Crimson Tide batting - Pitching for Purdue Boilermakers : LHP Dave Stokes
|
Pitching: LHP Dave Stokes
|
|
Batting: RHB Greg Grant
|
0-0: Ball 1-0: Foul Ball, location: 2F 1-1: Foul Ball, location: 2F 1-2: Ground out 4-3 (Groundball, 34S)
|
Batting: RHB William Robinson
|
0-0: Called Strike 0-1: Ball 1-1: Ground out 4-3 (Groundball, 4)
|
Batting: SHB Jorge Dávila
|
0-0: Ball 1-0: Foul Ball, location: 2F 1-1: Ball 2-1: SINGLE (Flyball, 89S)
|
Batting: RHB Stephen Nava
|
0-0: Ball 1-0: Ball 2-0: Swinging Strike 2-1: Called Strike 2-2: Ball Jorge Dávila steals 2nd base 3-2: Foul Ball, location: 2F 3-2: Strikes out swinging
|
Top of the 1st over - 0 run(s), 1 hit(s), 0 error(s), 1 left on base; Alabama 0 - Purdue 0 |
BOTTOM OF THE 1ST |
Purdue Boilermakers batting - Pitching for Alabama Crimson Tide : RHP Claude Cunningham
|
Pitching: RHP Claude Cunningham
|
|
Batting: RHB Carlos Rosado
|
0-0: Ball 1-0: Ball 2-0: Foul Ball, location: 2F 2-1: Ball 3-1: Called Strike 3-2: Base on Balls
|
Batting: SHB Joaquín Gilera
|
0-0: Ball 1-0: Swinging Strike 1-1: Foul Ball, location: 2F 1-2: Strikes out swinging
|
Batting: RHB Francisco Herrera
|
0-0: Called Strike 0-1: Ball 1-1: Ball Carlos Rosado steals 2nd base 2-1: Ball 3-1: Base on Balls
|
Batting: LHB Bryan Barnes
|
0-0: Fly out, F7 (Line Drive, 7M)
|
Batting: LHB Rodney Harrison
|
0-0: SINGLE (Line Drive, 78M) Carlos Rosado to third Francisco Herrera to second Runner from 3rd tries for Home, SAFE, no throw or cutoff
|
Batting: RHB Jorge Molina
|
0-0: Called Strike 0-1: Ball 1-1: Swinging Strike 1-2: Ball 2-2: Strikes out swinging
|
Bottom of the 1st over - 1 run(s), 1 hit(s), 0 error(s), 2 left on base; Alabama 0 - Purdue 1 |
TOP OF THE 2ND |
Alabama Crimson Tide batting - Pitching for Purdue Boilermakers : LHP Dave Stokes
|
Batting: LHB Clayton Bailey
|
0-0: Ball 1-0: Swinging Strike 1-1: Ball 2-1: Called Strike 2-2: Ground out U3 (Groundball, 3)
|
Batting: RHB Nick Vogel
|
0-0: Ball 1-0: Called Strike 1-1: Ball 2-1: Foul Ball, location: 2F 2-2: Foul Ball, location: 2F 2-2: SOLO HOME RUN (Flyball, 7D), Distance : 405 ft
|
Batting: RHB Scott Graves
|
0-0: Ball 1-0: Ball 2-0: Ball 3-0: Called Strike 3-1: Base on Balls
|
Batting: LHB Chris White
|
0-0: Ball 1-0: Ball 2-0: Called Strike 2-1: Foul Ball, location: 2F 2-2: Strikes out swinging
|
Batting: RHB Jeffrey Hunter
|
0-0: Called Strike 0-1: Foul Ball, location: 2F 0-2: Strikes out swinging
|
Top of the 2nd over - 1 run(s), 1 hit(s), 0 error(s), 1 left on base; Alabama 1 - Purdue 1 |
BOTTOM OF THE 2ND |
Purdue Boilermakers batting - Pitching for Alabama Crimson Tide : RHP Claude Cunningham
|
Batting: RHB Dave Crawford
|
0-0: Ball 1-0: Called Strike 1-1: Foul Ball, location: 2F 1-2: Ground out 5-3 (Groundball, 56)
|
Batting: RHB Jim MacAchounich
|
0-0: Swinging Strike 0-1: Fly out, F9 (Flyball, 9S)
|
Batting: SHB Darren Campbell
|
0-0: Ball 1-0: Fly out, F9 (Flyball, 89M)
|
Bottom of the 2nd over - 0 run(s), 0 hit(s), 0 error(s), 0 left on base; Alabama 1 - Purdue 1 |
TOP OF THE 3RD |
Alabama Crimson Tide batting - Pitching for Purdue Boilermakers : LHP Dave Stokes
|
Batting: RHB Greg Grant
|
0-0: Swinging Strike 0-1: Ball 1-1: Ground out 6-3 (Groundball, 6)
|
Batting: RHB William Robinson
|
0-0: Ball 1-0: Called Strike 1-1: Foul Ball, location: 2F 1-2: Ball 2-2: Foul Ball, location: 2F 2-2: Strikes out swinging
|
Batting: SHB Jorge Dávila
|
0-0: Called Strike 0-1: Ball 1-1: Fly out, F4 (Popup, 4)
|
Top of the 3rd over - 0 run(s), 0 hit(s), 0 error(s), 0 left on base; Alabama 1 - Purdue 1 |
BOTTOM OF THE 3RD |
Purdue Boilermakers batting - Pitching for Alabama Crimson Tide : RHP Claude Cunningham
|
Batting: RHB Carlos Rosado
|
0-0: Foul Ball, location: 2F 0-1: Fly out, F4 (Popup, 4)
|
Batting: SHB Joaquín Gilera
|
0-0: Ball 1-0: Ball 2-0: Called Strike 2-1: Called Strike 2-2: Foul Ball, location: 2F 2-2: Foul Ball, location: 2F 2-2: Ball 3-2: Ground out U3 (Groundball, 3)
|
Batting: RHB Francisco Herrera
|
0-0: Swinging Strike 0-1: Ball 1-1: Foul Ball, location: 2F 1-2: Ball 2-2: Ball 3-2: Ground out 6-3 (Groundball, 6M)
|
Bottom of the 3rd over - 0 run(s), 0 hit(s), 0 error(s), 0 left on base; Alabama 1 - Purdue 1 |
TOP OF THE 4TH |
Alabama Crimson Tide batting - Pitching for Purdue Boilermakers : LHP Dave Stokes
|
Batting: RHB Stephen Nava
|
0-0: Called Strike 0-1: Foul Ball, location: 2F 0-2: Ball 1-2: Strikes out looking
|
Batting: LHB Clayton Bailey
|
0-0: Called Strike 0-1: Ball 1-1: Called Strike 1-2: Ground out 4-3 (Groundball, 4)
|
Batting: RHB Nick Vogel
|
0-0: Fly out, F8 (Flyball, 8LM)
|
Top of the 4th over - 0 run(s), 0 hit(s), 0 error(s), 0 left on base; Alabama 1 - Purdue 1 |
BOTTOM OF THE 4TH |
Purdue Boilermakers batting - Pitching for Alabama Crimson Tide : RHP Claude Cunningham
|
Batting: LHB Bryan Barnes
|
0-0: Foul Ball, location: 2F 0-1: Ball 1-1: Ball 2-1: Foul Ball, location: 2F 2-2: Ground out 4-3 (Groundball, 4M)
|
Batting: LHB Rodney Harrison
|
0-0: Foul Ball, location: 2F 0-1: Ball 1-1: Ball 2-1: Swinging Strike 2-2: Foul Ball, location: 2F 2-2: Ball 3-2: SOLO HOME RUN (Flyball, 89XD), Distance : 422 ft
|
Batting: RHB Jorge Molina
|
0-0: Swinging Strike 0-1: Ball 1-1: Swinging Strike 1-2: Ball 2-2: Foul Ball, location: 2F 2-2: Ball 3-2: Strikes out swinging
|
Batting: RHB Dave Crawford
|
0-0: Ball 1-0: Ball 2-0: Ball 3-0: Base on Balls
|
Batting: RHB Jim MacAchounich
|
0-0: Ball 1-0: Ball 2-0: Ball 3-0: Called Strike 3-1: Base on Balls Dave Crawford to second
|
Batting: SHB Darren Campbell
|
0-0: Called Strike 0-1: Foul Ball, location: 2F 0-2: Ground out 3-1 (Groundball, 34)
|
Bottom of the 4th over - 1 run(s), 1 hit(s), 0 error(s), 2 left on base; Alabama 1 - Purdue 2 |
TOP OF THE 5TH |
Alabama Crimson Tide batting - Pitching for Purdue Boilermakers : LHP Dave Stokes
|
Batting: RHB Scott Graves
|
0-0: Ground out 4-3 (Groundball, 4)
|
Batting: LHB Chris White
|
0-0: Called Strike 0-1: Foul Ball, location: 2F 0-2: Ball 1-2: Strikes out swinging
|
Batting: RHB Jeffrey Hunter
|
0-0: Ball 1-0: DOUBLE (Line Drive, 9LS)
|
Batting: RHB Greg Grant
|
0-0: Ball 1-0: Ball 2-0: Called Strike 2-1: Foul Ball, location: 2F 2-2: Ball 3-2: Base on Balls
|
Batting: RHB William Robinson
|
0-0: Ball 1-0: Foul Ball, location: 2F 1-1: Fly out, F8 (Flyball, 8RM)
|
Top of the 5th over - 0 run(s), 1 hit(s), 0 error(s), 2 left on base; Alabama 1 - Purdue 2 |
BOTTOM OF THE 5TH |
Purdue Boilermakers batting - Pitching for Alabama Crimson Tide : RHP Claude Cunningham
|
Batting: RHB Carlos Rosado
|
0-0: Ball 1-0: Bunt for hit - play at first, batter OUT! 1-3
|
Batting: SHB Joaquín Gilera
|
0-0: Foul Ball, location: 2F 0-1: Ball 1-1: SINGLE (Line Drive, 8LS)
|
Pitching: LHP Dave Hughes
|
|
Batting: RHB Francisco Herrera
|
0-0: Called Strike 0-1: Grounds into double play, U6-3 (Groundball, 6M)
|
Bottom of the 5th over - 0 run(s), 1 hit(s), 0 error(s), 0 left on base; Alabama 1 - Purdue 2 |
TOP OF THE 6TH |
Alabama Crimson Tide batting - Pitching for Purdue Boilermakers : LHP Dave Stokes
|
Batting: SHB Jorge Dávila
|
0-0: Ball 1-0: Foul Ball, location: 2F 1-1: Ball 2-1: Swinging Strike 2-2: Ball 3-2: Foul Ball, location: 2F 3-2: Ground out 5-3 (Groundball, 5S)
|
Pitching: RHP Robert King
|
|
Batting: RHB Stephen Nava
|
0-0: Foul Ball, location: 2F 0-1: SINGLE (Groundball, 56)
|
Batting: LHB Clayton Bailey
|
0-0: Ball 1-0: Ball 2-0: SINGLE (Groundball, 6MD) Stephen Nava to second
|
Batting: RHB Nick Vogel
|
0-0: Called Strike 0-1: Foul Ball, location: 2F 0-2: Foul Ball, location: 2F 0-2: Strikes out swinging
|
Batting: RHB Scott Graves
|
0-0: Ball 1-0: Swinging Strike 1-1: Ball 2-1: Ball 3-1: Called Strike 3-2: Base on Balls Stephen Nava to third Clayton Bailey to second
|
Batting: LHB Chris White
|
0-0: Called Strike 0-1: Ball 1-1: Ball 2-1: SINGLE (Groundball, 56D) Stephen Nava scores Clayton Bailey to third Scott Graves to second Runner from 3rd tries for Home, SAFE, no throw or cutoff
|
Batting: RHB Jeffrey Hunter
|
0-0: Ball 1-0: Ball 2-0: Ball 3-0: Called Strike 3-1: Swinging Strike 3-2: Base on Balls Scott Graves to third Chris White to second
|
Batting: RHB Greg Grant
|
0-0: Ball 1-0: Fielders Choice at 2nd, 6-4 (Groundball, 6)
|
Top of the 6th over - 2 run(s), 3 hit(s), 0 error(s), 2 left on base; Alabama 3 - Purdue 2 |
BOTTOM OF THE 6TH |
Purdue Boilermakers batting - Pitching for Alabama Crimson Tide : LHP Dave Hughes
|
Batting: LHB Bryan Barnes
|
0-0: Ball 1-0: Ball 2-0: Ball 3-0: Base on Balls
|
Batting: LHB Rodney Harrison
|
0-0: SINGLE (Groundball, 56D) Bryan Barnes to second
|
Batting: RHB Jorge Molina
|
0-0: Fly out, F8 (Flyball, 8LS)
|
Batting: RHB Dave Crawford
|
0-0: Called Strike 0-1: DOUBLE (Flyball, 8LM) Bryan Barnes scores Rodney Harrison to third
|
Batting: RHB Jim MacAchounich
|
0-0: SINGLE (Groundball, 2L) (infield hit)
|
Batting: SHB Darren Campbell
|
0-0: Ball 1-0: Ball 2-0: Ball 3-0: Base on Balls Rodney Harrison scores Dave Crawford to third Jim MacAchounich to second
|
Batting: RHB Carlos Rosado
|
0-0: Ball 1-0: Ball 2-0: Called Strike 2-1: Swinging Strike 2-2: Fly out, F9 (Flyball, 8RM) Runner from 3rd tags up, SCORES, no throw
|
Batting: SHB Joaquín Gilera
|
0-0: Ball 1-0: Foul Ball, location: 2F 1-1: Ball 2-1: Fly out, F8 (Flyball, 8LM)
|
Bottom of the 6th over - 3 run(s), 3 hit(s), 0 error(s), 2 left on base; Alabama 3 - Purdue 5 |
TOP OF THE 7TH |
Alabama Crimson Tide batting - Pitching for Purdue Boilermakers : RHP Robert King
|
Batting: RHB William Robinson
|
0-0: Fly out, F8 (Flyball, 8RM)
|
Batting: SHB Jorge Dávila
|
0-0: Ball 1-0: Called Strike 1-1: Called Strike 1-2: Foul Ball, location: 2F 1-2: Strikes out looking
|
Batting: RHB Stephen Nava
|
0-0: Ball 1-0: Ball 2-0: Ground out 6-3 (Groundball, 6)
|
Top of the 7th over - 0 run(s), 0 hit(s), 0 error(s), 0 left on base; Alabama 3 - Purdue 5 |
BOTTOM OF THE 7TH |
Purdue Boilermakers batting - Pitching for Alabama Crimson Tide : LHP Dave Hughes
|
Batting: RHB Francisco Herrera
|
0-0: Ball 1-0: Called Strike 1-1: Ball 2-1: Ball 3-1: Base on Balls
|
Batting: LHB Bryan Barnes
|
0-0: Called Strike 0-1: Ball 1-1: Ball 2-1: Ball 3-1: Base on Balls Francisco Herrera to second
|
Pinch Hitting: SHB Johnny Jackson
|
0-0: Ball 1-0: Ball 2-0: Grounds into double play, 6-4-3 (Groundball, 6) Francisco Herrera to third
|
Batting: RHB Jorge Molina
|
0-0: Ball 1-0: Foul Ball, location: 2F 1-1: Called Strike 1-2: Ball 2-2: Ball Wild Pitch! Francisco Herrera scores 3-2: Strikes out looking
|
Bottom of the 7th over - 1 run(s), 0 hit(s), 0 error(s), 0 left on base; Alabama 3 - Purdue 6 |
TOP OF THE 8TH |
Alabama Crimson Tide batting - Pitching for Purdue Boilermakers : RHP Robert King
|
Now at 1B: Jared Williamson
|
|
Batting: LHB Clayton Bailey
|
0-0: Ball 1-0: Ground out 5-3 (Groundball, 5S)
|
Pitching: RHP Ed Knox
|
|
Batting: RHB Nick Vogel
|
0-0: Foul Ball, location: 2F 0-1: Ground out 5-3 (Groundball, 5)
|
Batting: RHB Scott Graves
|
0-0: Ball 1-0: Called Strike 1-1: Foul Ball, location: 2F 1-2: Ball 2-2: Foul Ball, location: 2F 2-2: Strikes out looking
|
Top of the 8th over - 0 run(s), 0 hit(s), 0 error(s), 0 left on base; Alabama 3 - Purdue 6 |
BOTTOM OF THE 8TH |
Purdue Boilermakers batting - Pitching for Alabama Crimson Tide : LHP Dave Hughes
|
Pitching: LHP Travis Thompson
|
|
Batting: RHB Dave Crawford
|
0-0: Ball 1-0: Fly out, F9 (Flyball, 89M)
|
Batting: RHB Jim MacAchounich
|
0-0: Ball 1-0: Ball 2-0: Ball 3-0: Base on Balls
|
Batting: SHB Darren Campbell
|
0-0: Ball 1-0: Fielders Choice at 2nd, 5-4 (Groundball, 56)
|
Batting: RHB Carlos Rosado
|
0-0: Ball 1-0: Called Strike 1-1: Foul Ball, location: 2F 1-2: SINGLE (Line Drive, 56) Darren Campbell to second
|
Batting: SHB Joaquín Gilera
|
0-0: Foul Ball, location: 2F 0-1: Swinging Strike 0-2: Ball 1-2: Foul Ball, location: 2F 1-2: Strikes out swinging
|
Bottom of the 8th over - 0 run(s), 1 hit(s), 0 error(s), 2 left on base; Alabama 3 - Purdue 6 |
TOP OF THE 9TH |
Alabama Crimson Tide batting - Pitching for Purdue Boilermakers : RHP Ed Knox
|
Pitching: RHP Dave Wilson
|
|
Now at 2B: Pete Davis
|
|
Batting: LHB Chris White
|
0-0: Called Strike 0-1: Ground out 4-3 (Groundball, 4M)
|
Batting: RHB Jeffrey Hunter
|
0-0: Fly out, F8 (Flyball, 8RM)
|
Batting: RHB Greg Grant
|
0-0: Reached on error, E6 (Groundball, 6M)
|
Batting: RHB William Robinson
|
0-0: Called Strike 0-1: Swinging Strike 0-2: Foul Ball, location: 2F 0-2: Ball 1-2: Strikes out swinging
|
Top of the 9th over - 0 run(s), 0 hit(s), 1 error(s), 1 left on base; Alabama 3 - Purdue 6 |
|